Map: Backwater LE

Players

Nerchio

  • Race: Zerg Zerg
  • Spawn Location: 5:00

Scarlett - Winner!

  • Race: Zerg Zerg
  • League: Master
  • Spawn Location: 11:00

Event: WESG 2017 Haikou

VOD

Have the link to the VOD?

Description

Time

  • Played on: March 16, 2018, 5:38 a.m.
  • Length: 3:57

All games in this series

Show
View Real Time Build Order
Export as new Build Order

Nerchio Zerg 

Build Orders: Hatch First 

Get SALT Encoding   

  12  0:00  Drone  
  13  0:12  Overlord  
  13  0:17  Drone  
  14  0:30  Drone x2  
  16  0:49  Hatchery  
  15  0:52  Drone  
  15  0:56  Drone  
  17  1:10  Spawning Pool  
  16  1:13  Drone  
  16  1:15  Extractor  
  16  1:18  Drone  
  16  1:22  Drone  
  18  1:28  Drone  
  19  1:38  Overlord  
  19  1:56  Queen  
  19  1:57  Zergling x2  
  19  2:00  Queen  
  19  2:01  Zergling x2  
  25  2:04  Drone  
  26  2:11  Drone x2  
  26  2:15  Metabolic Boost  
  28  2:21  Drone  
  29  2:23  Drone  
  30  2:32  Drone  
  31  2:44  Hatchery  
  31  2:45  Drone  
  31  2:48  Zergling x2  
  32  2:54  Zergling x2  
  33  2:59  Baneling Nest  
  33  3:02  Queen  
  33  3:05  Drone  
  34  3:08  Overlord  
  34  3:18  Spine Crawler  
  33  3:20  Zergling x2  
  33  3:24  Zergling x2  
  33  3:26  Zergling x2  
  33  3:29  Zergling x2  
  33  3:33  Zergling x2  
  35  3:37  Zergling x6  
  35  3:40  Zergling x2  
Show
View Real Time Build Order
Export as new Build Order

Scarlett Zerg - Winner!

Build Orders: Hatch First 

Get SALT Encoding   

  12  0:00  Drone  
  13  0:11  Drone  
  14  0:15  Extractor, Drone  
  15  0:21  Overlord  
  15  0:44  Hatchery  
  15  0:47  Drone  
  15  0:51  Drone  
  15  0:53  Extractor  
  15  1:08  Spawning Pool  
  14  1:12  Drone  
  14  1:16  Drone  
  16  1:20  Drone  
  17  1:29  Overlord  
  17  1:54  Metabolic Boost  
  17  1:56  Queen  
  17  1:58  Queen  
  21  2:02  Zergling x2  
  21  2:07  Zergling x2  
  23  2:10  Zergling x2  
  23  2:11  Zergling x2  
  23  2:14  Zergling x2  
  26  2:19  Zergling x2  
  26  2:21  Zergling x2  
  28  2:30  Zergling x4  
  28  2:36  Overlord  
  30  2:39  Overlord  
  30  2:50  Zergling x4  
  32  2:56  Zergling x2  
  33  3:03  Zergling x2  
  33  3:05  Zergling x2  
  33  3:06  Zergling x8  
  33  3:12  Zergling x2  
  39  3:13  Zergling x2  
  39  3:25  Zergling x2  
  39  3:26  Zergling x4  
  41  3:30  Zergling x2  
  42  3:37  Zergling x2  
  42  3:38  Zergling x6  
Tags
 
Add a new tag
Caveats
  • Supply blocks, unpowered buildings, or Contaminate may cause inaccurate times.
  • Supply counts are checked every 10 seconds.